 Dungeon Crawl Stone Soup version 0.32-a0-938-g40ac7a0f4d (webtiles) character file.

Game seed: 3020273932404738860

163 uglyjohn the Unbeliever (level 5, -5/45 HPs)
             Began as a Mountain Dwarf Monk on Apr 15, 2024.
             Slain by an ogre
             ... wielding a +0 giant club
              (11 damage)
             ... on level 4 of the Dungeon.
             The game lasted 00:06:13 (2961 turns).

uglyjohn the Unbeliever (Mountain Dwarf Monk)       Turns: 2961, Time: 00:06:13

Health: -5/45      AC:  7    Str: 15    XL:     5   Next: 20%
Magic:  8/8        EV: 10    Int: 11    God:
Gold:   140        SH:  0    Dex: 12    Spells: 4/4 levels left

rFire   . . .        a - +0 hand axe
rCold   . . .        d - orb {light}
rNeg    . . .        f - +0 ring mail
rPois   .            t - +0 helmet
rElec   .            (no cloak)
rCorr   .            (no gloves)
SInv    .            (no boots)
Will    .....        (no amulet)
Stlth   +            (no ring)
HPRegen 0.27/turn    (no ring)
MPRegen 0.11/turn

%: no passive effects
@: glowing
A: runic magic, artefact enchanting
a: no special abilities


You were on level 4 of the Dungeon.
You visited 1 branch of the dungeon, and saw 4 of its levels.

You collected 140 gold pieces.

Inventory:

Hand Weapons
 a - a +0 hand axe (weapon)
Armour
 b - a +0 robe
 d - an orb of light (worn)
 f - a +0 ring mail (worn)
 t - a +0 helmet (worn)
Jewellery
 g - an amulet of magic regeneration
 j - a ring of magical power
 p - a ring of fire
Scrolls
 e - 2 scrolls of teleportation {unknown}
 i - 2 scrolls of identify
 k - 2 scrolls of blinking {unknown}
 l - 2 scrolls of torment {unknown}
 n - a scroll of enchant armour {unknown}
 r - a scroll of immolation {unknown}
 s - a scroll of silence {unknown}
Potions
 c - a potion of ambrosia
 h - a potion of lignification {unknown}
 o - a potion of haste {unknown}
 q - a potion of curing {unknown}
 u - a potion of magic {unknown}


   Skills:
 - Level 3.2 Fighting
 - Level 3.6 Axes
 + Level 3.7 Armour
 - Level 2.1 Dodging
 + Level 4.5 Invocations


You had 4 spell levels left.
You didn't know any spells.
Your spell library contained the following spells:

 Spells                   Type           Power      Damage    Failure   Level
 Sublimation of Blood     Necr           0%         N/A       52%         2
 Petrify                  Alch/Erth      0%         N/A       99%         4
 Irradiate                Conj/Alch      0%         3d11      100%        5


Dungeon Overview and Level Annotations

Branches:
Dungeon (4/15)
 Temple: D:4-7

Altars:
Kikubaaqudgha
Trog
Uskayaw

Shops:
D:3 *

Annotations:
D:3 1 runed translucent door, jestert79's ghost, amateur CoGl


Innate Abilities, Weirdness & Mutations

Your spellcasting is much less encumbered by armour.
You can use scrolls of enchantment on lesser artefacts.


Message History

An ogre comes into view. It is wielding a +0 giant club.
Found 15 gold pieces.
As you read the scroll labelled FAUTTU SITA, it crumbles to dust.
It is a scroll of identify.
m - a potion of degeneration You drop a potion of degeneration.
You hit the ogre but do no damage. The ogre barely misses you.
You hit the ogre.
The ogre is lightly wounded.
You slash the ogre!
The ogre is moderately wounded.
The ogre hits you with a +0 giant club!
You hit the ogre but do no damage.
The ogre is moderately wounded.
The ogre misses you.
You hit the ogre but do no damage.
The ogre is moderately wounded.
The ogre closely misses you.
You hit the ogre.
The ogre is heavily wounded.
The ogre closely misses you.
You hit the ogre.
The ogre is severely wounded.
You hit the ogre.
The ogre is severely wounded.
The ogre barely misses you.
You hit the ogre.
The ogre is severely wounded.
The ogre closely misses you.
You hit the ogre.
The ogre is almost dead.
You hit the ogre but do no damage.
The ogre is almost dead.
The ogre hits you with a +0 giant club!!
Ouch! That really hurt!
* * * LOW HITPOINT WARNING * * *
You hit the ogre but do no damage.
The ogre is almost dead.
The ogre hits you with a +0 giant club!
You die...

.<..#.......+
....#.......#..........
....#.......#.........
)...#.......#........
....#.......#......$
....#.......#...... .
....###'#####..... ..
#..............#O######...
#..............#@.........
#..............#..........
+.........>.>..#..........
#..............##'#####...
###########...........#
..........#...........#
..........#...........#
..........'...........+
..........#...........#


You could see an ogre.

Vanquished Creatures
  A bombardier beetle (D:3)
  A hound (D:4)
  3 adders
  A ribbon worm (D:3)
  2 dart slugs
  A bat (D:1)
  7 endoplasms
  A giant cockroach (D:1)
  4 goblins
  8 hobgoblins
  6 jackals (D:1)
  5 quokkas
  7 ball pythons
  3 frilled lizards (D:1)
  5 kobolds
  8 rats
63 creatures vanquished.

Notes
Turn   | Place    | Note
-------+----------+-------------------------------------------
     0 | D:1      | uglyjohn the Mountain Dwarf Monk began the quest for the
                  | Orb.
     0 | D:1      | Reached XP level 1. HP: 19/19 MP: 1/1
    16 | D:1      | Reached skill level 1 in Invocations
    71 | D:1      | Reached skill level 1 in Armour
   102 | D:1      | Reached XP level 2. HP: 15/26 MP: 3/3
   350 | D:1      | Reached skill level 2 in Invocations
   512 | D:1      | Found a faded altar of an unknown god.
   613 | D:1      | Reached XP level 3. HP: 24/31 MP: 4/4
   927 | D:2      | Reached skill level 3 in Invocations
  1567 | D:3      | Found a bloodstained altar of Trog.
  1573 | D:3      | Reached XP level 4. HP: 36/38 MP: 6/6
  1602 | D:3      | Found Riblab's Assorted Antiques.
  1924 | D:3      | Found a runed translucent door.
  1930 | D:3      | Noticed jestert79's ghost (amateur CoGl)
  2117 | D:3      | Found a hide-covered altar of Uskayaw.
  2246 | D:3      | Reached skill level 4 in Invocations
  2761 | D:4      | Found an ancient bone altar of Kikubaaqudgha.
  2811 | D:4      | Reached XP level 5. HP: 36/45 MP: 8/8
  2945 | D:4      | Noticed an ogre
  2961 | D:4      | Slain by an ogre

Illustrated notes

Levels and vault maps discovered:
D:1:      minmay_arrival_three_doors, layout_rooms,
          shapermc_ecumenical_altar_totnotflames
D:2:      layout_basic, minmay_unequal
D:3:      layout_basic, lemuel_tele_altar, lemuel_round_altar, serial_shops,
          nicolae_shop_tiny_statue_garden, ebering_ghost_reflecting_pool,
          chequers_decorated_corner, grunt_decor_fettered
D:4:      layout_gridville, mainiacjoe_overflow_boulevard, minitemple,
          serial_shops, nicolae_shop_competitors_out_of_business,
          kennysheep_flooded_box, uniq_duvessa

Skill      XL: |  1  2  3  4 |
---------------+-------------+-----
Invocations    | 1 2 3 4 |  4.5
Armour         | 1 2 3 |  3.7
Fighting       | |  3.2
Axes           | |  3.6
Dodging        | |  2.1

Action                     |  1- 3 |  4- 6 || total
---------------------------+-------+-------++-------
  Melee: Hand axe          |   120 |    95 ||   215
    Use: Scroll            |       |     1 ||     1
 Armour: Robe              |     9 |       ||     9
         Ring mail         |    68 |    48 ||   116
  Dodge: Dodged            |    54 |    56 ||   110

Table legend: (Time is in decaauts)
 A = Elapsed time spent in this place.
 B = Non-inter-level travel time spent in this place.
 C = Inter-level travel time spent in this place.
 D = Time resting spent in this place.
 E = Time spent auto-exploring this place.
 F = Levels seen in this place.
 G = Mean time per level.
                   A        B        C        D        E       F      G
               +--------+--------+--------+--------+--------+-----+--------+
         Total |   2986 |   2894 |     92 |    112 |   2234 |   4 |  746.5 |
       Dungeon |   2986 |   2894 |     92 |    112 |   2234 |   4 |  746.5 |
               +--------+--------+--------+--------+--------+-----+--------+

Top non-repeatable levels by time:
     D:3: 1156 daAuts
     D:1: 748 daAuts
     D:2: 731 daAuts
     D:4: 350 daAuts
